 Dungeon Crawl Stone Soup version 0.29.1-4-g47bece8355 (webtiles) character file.

Game seed: 3272222432883593876

905 cheesebisquit the Cleaver (level 7, 0/60 HPs)
             Began as a Minotaur Berserker on Dec 10, 2022.
             Was an Elder of Trog.
             Succumbed to a killer bee's poison
             ... on level 5 of the Dungeon.
             The game lasted 00:16:10 (4440 turns).

cheesebisquit the Cleaver (Minotaur Berserker)      Turns: 4440, Time: 00:16:11

Health: 0/60       AC: 11    Str: 23    XL:     7   Next: 80%
Magic:  6/6        EV:  9    Int:  4    God:    Trog [****..]
Gold:   273        SH:  0    Dex: 16    Spells: 6/6 levels left

rFire   . . .      SeeInvis .   a - +0 hand axe
rCold   . . .      Faith    .   (no shield)
rNeg    . . .      Spirit   .   y - +0 chain mail
rPois   .          Reflect  .   (helmet restricted)
rElec   .          Harm     .   r - +1 cloak
rCorr   .          Rampage  .   (no gloves)
Will    .....                   (no boots)
Stlth   ..........              (no amulet)
HPRegen 0.20/turn               u - +6 ring of dexterity
MPRegen 0.10/turn               (no ring)

@: lethally poisoned (0 -> -8), on berserk cooldown, slowed, very slow
A: horns 2, retaliatory headbutt
a: Renounce Religion, Berserk, Trog's Hand, Brothers in Arms


You were on level 5 of the Dungeon.
You worshipped Trog.
Trog was greatly pleased with you.
You visited 1 branch of the dungeon, and saw 5 of its levels.

You collected 273 gold pieces.

Inventory:

Hand Weapons
 a - a +0 hand axe (weapon)
Missiles
 h - 8 poisoned darts (quivered)
Armour
 b - a +0 animal skin
 g - a +0 leather armour
 i - a +0 ring mail
 n - a +1 scale mail of fire resistance
 r - a +1 cloak (worn)
 y - a +0 chain mail (worn)
Jewellery
 u - a +6 ring of dexterity (left hand)
Wands
 t - a wand of polymorph (10)
 w - a wand of quicksilver (6)
 z - a wand of paralysis (6)
Scrolls
 c - a scroll of summoning {unknown}
 d - a scroll of noise {unknown}
 e - 2 scrolls of vulnerability
 j - a scroll of enchant weapon {unknown}
 k - a scroll of acquirement {unknown}
 l - 2 scrolls of immolation
 o - a scroll of fear {unknown}
 s - a scroll of amnesia {unknown}
 x - a scroll of teleportation {unknown}
Potions
 f - a potion of degeneration {unknown}
 m - a potion of haste
 p - 3 potions of flight
 q - a potion of mutation {unknown}
 v - 2 potions of brilliance {unknown}


   Skills:
 - Level 4.3 Fighting
 + Level 10.5 Axes
 - Level 3.3 Armour
 - Level 3.0 Dodging


You had 6 spell levels left.
You didn't know any spells.
Your spell library was empty.

Dungeon Overview and Level Annotations

Branches:
Dungeon (5/15)
 Temple: D:4-7

Altars:
Elyvilon
Xom

Shops:
D:2 [


Innate Abilities, Weirdness & Mutations

You have a pair of horns on your head.
You reflexively headbutt those who attack you in melee.


Message History

Trog accepts your kill.
You feel sick.
Your Axes skill increases to level 10!
You hit the killer bee. You headbutt the killer bee!
You kill the killer bee!
Trog accepts your kill.
You barely miss the killer bee.
You feel sick. The killer bee stings you.
* * * LOW HITPOINT WARNING * * *
You are lethally poisoned!
The killer bee poisons you!
* * * LOW HITPOINT WARNING * * *
You feel very sick.
The killer bee stings you but does no damage.
You barely miss the killer bee. Your headbutt misses the killer bee.
* * * LOW HITPOINT WARNING * * *
You feel sick.
The killer bee stings you but does no damage.
You hit the killer bee. Your headbutt misses the killer bee.
The killer bee is lightly wounded.
* * * LOW HITPOINT WARNING * * *
You feel sick. The killer bee barely misses you. You furiously retaliate!
You headbutt the killer bee!!
You kill the killer bee!
Trog accepts your kill.
There is a lethal amount of poison in your body!
You are too berserk!
* * * LOW HITPOINT WARNING * * *
You feel very sick.
You feel a strong urge to attack something.
* * * LOW HITPOINT WARNING * * *
You feel sick.
* * * LOW HITPOINT WARNING * * *
You feel sick.
You feel your anger nearly subside.
* * * LOW HITPOINT WARNING * * *
You feel sick.
You are no longer berserk.
You are exhausted.
You feel yourself slow down.
You die...

######## ######.......
#............
#............
#............ #
#............
#.##.#######............
.......†...'.....>......
.#....@####......###..#
###
#.....................
#..
#.....####...##.######
#.# ........+ ######.#
#... #.# .##.....# #.#
#.## #.# ####### #.#
#.## #.####.#
.######.###... #......#
..........†... ..######
...####.###...


There were no monsters in sight!

Vanquished Creatures
  A black bear (D:4)
  A phantom (D:4)
  The ghost of sigtrap the Sneak, an amateur SpBr (D:3)
  5 killer bees (D:5)
  2 orc priests
  A hound (D:5)
  A jelly (D:4)
  An iguana (D:5)
  2 orc wizards (D:2)
  3 gnolls (D:4)
  12 adders
  A shadow imp (D:4)
  An ufetubus (D:5)
  A worm (D:2)
  3 dart slugs
  11 orcs
  6 bats
  2 endoplasms
  2 giant cockroaches (D:1)
  10 goblins
  8 hobgoblins
  8 jackals
  5 quokkas
  6 ball pythons
  4 frilled lizards
  13 kobolds
  8 rats
119 creatures vanquished.

Vanquished Creatures (others)
  A bat (D:3)
  16 plants (D:3)
17 creatures vanquished.

Grand Total: 136 creatures vanquished

Notes
Turn   | Place    | Note
-------+----------+-------------------------------------------
     0 | D:1      | cheesebisquit the Minotaur Berserker began the quest for
                  | the Orb.
     0 | D:1      | Reached XP level 1. HP: 19/19 MP: 0/0
   428 | D:1      | Reached XP level 2. HP: 27/27 MP: 1/1
   643 | D:1      | Reached skill level 4 in Axes
   874 | D:1      | Reached XP level 3. HP: 33/33 MP: 2/2
  1028 | D:1      | Reached ** piety under Trog
  1330 | D:2      | Found Kessoap's Antique Armour Boutique.
  1378 | D:2      | You fall into a shaft and drop 1 floor!
  1493 | D:3      | Found a shimmering altar of Xom.
  1963 | D:2      | Reached XP level 4. HP: 41/41 MP: 3/3
  2125 | D:2      | Reached skill level 5 in Axes
  2130 | D:2      | Reached XP level 5. HP: 47/47 MP: 4/4
  2133 | D:2      | Reached skill level 6 in Axes
  2509 | D:3      | Found a white marble altar of Elyvilon.
  2648 | D:3      | Reached *** piety under Trog
  2901 | D:3      | Found a faded altar of an unknown god.
  3041 | D:3      | Found a runed translucent gate.
  3041 | D:3      | Noticed sigtrap's ghost (amateur SpBr)
  3049 | D:3      | Found a runed translucent gate.
  3252 | D:3      | Found a runed translucent gate.
  3286 | D:3      | Killed sigtrap's ghost
  3287 | D:3      | Reached skill level 7 in Axes
  3287 | D:3      | Reached XP level 6. HP: 53/53 MP: 5/5
  3579 | D:4      | Reached skill level 8 in Axes
  3843 | D:4      | Reached XP level 7. HP: 51/60 MP: 6/6
  3953 | D:4      | Reached skill level 9 in Axes
  4139 | D:4      | Reached **** piety under Trog
  4194 | D:5      | Entered Level 5 of the Dungeon
  4432 | D:5      | Reached skill level 10 in Axes
  4437 | D:5      | HP: 4/90 [poisoned by a killer bee]
  4440 | D:5      | Succumbed to a killer bee's poison

Illustrated notes

Levels and vault maps discovered:
D:1:      saegor_arrival_simple_c, layout_basic, minmay_split_cup_large
D:2:      cheibrodos_pilgrimage, layout_basic, serial_shops, shop,
          chequers_mini_garden
D:3:      layout_basic, brannock_xom_greatest_gift, elyvilon_altar_4,
          dilly_ecumenical_altar_fadedgnrine, biasface_ghost_orc_armoury
D:4:      layout_loops_ring, serial_bayou_pond_d
D:5:      layout_basic, hangedman_abyss_or_decor_lesser_grid

Skill      XL: |  1  2  3  4  5  6  7 |
---------------+----------------------+-----
Fighting       | 4 |  4.3
Axes           | 4 5 7 8 10 | 10.5
Armour         | 3 |  3.3
Dodging        | 3 |  3.0

Action                   |  1- 3 |  4- 6 |  7- 9 || total
-------------------------+-------+-------+-------++-------
Melee: Hand axe          |    93 |   116 |    39 ||   248
       Headbutt          |     6 |    13 |     8 ||    27
Invok: Berserk           |       |     2 |     1 ||     3
  Use: Scroll            |       |     4 |       ||     4
Armor: Animal skin       |     7 |       |       ||     7
       Leather armour    |     6 |       |       ||     6
       Ring mail         |     7 |       |       ||     7
       Scale mail        |       |    45 |     9 ||    54
       Chain mail        |       |       |     9 ||     9
Dodge: Dodged            |    54 |    74 |    12 ||   140
